 Dungeon Crawl Stone Soup version 0.32-a0-842-gbbb8fdbe59 (webtiles) character file.

Game seed: 3082903463775142681

1541045 Drift2Die the Pyromancer (level 27, 179/179 HPs)
             Began as a Tengu Conjurer on Mar 25, 2024.
             Was an Initiate of Gozag.
             Escaped with the Orb
             ... and 4 runes on Mar 27, 2024!
             The game lasted 10:01:41 (152925 turns).

Drift2Die the Pyromancer (Tengu Conjurer)         Turns: 152925, Time: 10:01:41

Health: 179/179    AC: 27    Str: 15    XL:     27
Magic:  65/65      EV: 19    Int: 29    God:    Gozag
Gold:   496        SH: 26    Dex: 18    Spells: 18/66 levels left

rFire   + + +        Z - +9 lance "Wyrmbane" {slay drac, rPois rF+ rC+ AC+3}
rCold   + + .        N - +1 tower shield {AC+3}
rNeg    + . .        k - +5 scale mail of Kezyig {Rampage rF+ MP+9 Int-3}
rPois   +            u - +1 hat {Will+}
rElec   +            I - +1 cloak of Birghauts {rF+ Regen+ rCorr}
rCorr   +            e - +3 pair of gloves "Wegink" {Int+2 Dex+4}
SInv    .            (boots unavailable)
Will    +++..        x - amulet of reflection
Stlth   +            p - ring of Viohyhof {rElec rN+ MP+9}
HPRegen 1.29/turn    c - ring "Dekkaabo" {*Slow rElec MP+9 Str+6 Stlth+}
MPRegen 0.39/turn

%: slow self (1%), reflection, acrobat, rampage
@: flying, studying 3 skills, bribing [the Dungeon]
A: beak, talons 3, evasive flight, acrobatic, claws 1, cold resistance 1, low MP
2, mutation resistance 1, inability to drink after injury 1
0: Orb of Zot
}: 4/15 runes: decaying, serpentine, slimy, silver
a: Renounce Religion, Potion Petition, Call Merchant, Bribe Branch


You escaped.
You worshipped Gozag.
Gozag was aware of your devotion.
You visited 11 branches of the dungeon, and saw 53 of its levels.
You visited the Abyss 1 time.
You visited 1 ziggurat, and saw 1 of its levels.
You also visited: Trove.

You collected 31950 gold pieces.
You spent 11502 gold pieces at shops.
You paid 19952 gold pieces to Gozag.

Inventory:

Hand Weapons
 v - the +2 hand axe of Tenacity {freeze, Int+6}
   (You found it on level 4 of the Dungeon)

   Int+6:     It affects your intelligence (+6).
 V - the +8 falchion of Responsibility {freeze, *Slow rF+ Int+3 Stlth+}
   (You found it on level 4 of the Lair of Beasts)

   Int+3:     It affects your intelligence (+3).
   rF+:       It protects you from fire.
   *Slow:     It may slow you when you take damage.
   Stlth+:    It makes you more stealthy.
 X - the +10 broad axe "Raofress" {flame, rC+ rN++ rCorr Dex-2}
   (You took it off a deep elf knight on level 2 of the Orcish Mines)

   Dex-2:     It affects your dexterity (-2).
   rC+:       It protects you from cold.
   rN++:      It greatly protects you from negative energy.
   rCorr:     It protects you from acid and corrosion.
 Z - the +9 lance "Wyrmbane" (weapon) {slay drac, rPois rF+ rC+ AC+3}
   (You took it off a vault sentinel on level 5 of the Vaults)

   AC+3:      It affects your AC (+3).
   rF+:       It protects you from fire.
   rC+:       It protects you from cold.
   rPois:     It protects you from poison.
Armour
 e - the +3 pair of gloves "Wegink" (worn) {Int+2 Dex+4}
   (You bought it in a shop on level 2 of the Orcish Mines)

   Int+2:     It affects your intelligence (+2).
   Dex+4:     It affects your dexterity (+4).
 k - the +5 scale mail of Kezyig (worn) {Rampage rF+ MP+9 Int-3}
   (You bought it in a shop on level 15 of the Dungeon)

   Int-3:     It affects your intelligence (-3).
   rF+:       It protects you from fire.
   MP+9:      It affects your magic capacity (+9).
   Rampage:   It bestows one free step when moving towards enemies.
 u - a +1 hat of willpower (worn)
 B - the +4 robe of Folly {Brill Will-∞ Int+8}
   (You took it off a vault sentinel on level 5 of the Vaults)

   Brill:     It increases the power of your magical spells and halves their MP
   cost (rounding up).
   Will-∞: It reduces your willpower to zero.
   Int+8:     It affects your intelligence (+8).
 I - the +1 cloak of Birghauts (worn) {rF+ Regen+ rCorr}
   (You found it on level 4 of the Snake Pit)

   rF+:       It protects you from fire.
   Regen+:    It increases your rate of health regeneration.
   rCorr:     It protects you from acid and corrosion.
 N - a +1 tower shield of protection (worn)
 P - the +5 steam dragon scales "Ostralaq" {Int+6}
   (You bought it in a shop on level 1 of the Snake Pit)

   Int+6:     It affects your intelligence (+6).
Jewellery
 c - the ring "Dekkaabo" (right hand) {*Slow rElec MP+9 Str+6 Stlth+}
   (You found it on level 5 of the Pits of Slime)

   [ring of strength]

   Str+6:     It affects your strength (+6).
   rElec:     It insulates you from electricity.
   MP+9:      It affects your magic capacity (+9).
   *Slow:     It may slow you when you take damage.
   Stlth+:    It makes you more stealthy.
 d - the ring of the Louse {rElec rPois rCorr}
   (You acquired it on level 3 of the Lair of Beasts)

   [ring of resist corrosion]

   rElec:     It insulates you from electricity.
   rPois:     It protects you from poison.
   rCorr:     It protects you from acid and corrosion.
 h - a ring of poison resistance
 j - an amulet of magic regeneration
 p - the ring of Viohyhof (left hand) {rElec rN+ MP+9}
   (You found it on level 3 of the Depths)

   [ring of magical power]

   rElec:     It insulates you from electricity.
   rN+:       It protects you from negative energy.
   MP+9:      It affects your magic capacity (+9).
 x - an amulet of reflection (around neck)
 C - the ring of the Wereyak {rF+ rC++ Will- Str+3 Int+3}
   (You found it on level 5 of the Pits of Slime)

   [ring of protection from fire]

   Str+3:     It affects your strength (+3).
   Int+3:     It affects your intelligence (+3).
   rF+:       It protects you from fire.
   rC++:      It greatly protects you from cold.
   Will-:     It decreases your willpower.
 Y - the ring "Vuimyer" {HP+14 Str+6 Dex+3}
   (You bought it in a shop on level 2 of the Elven Halls)

   [ring of strength]

   Str+6:     It affects your strength (+6).
   Dex+3:     It affects your dexterity (+3).
   HP+14:     It affects your health (+14).
Wands
 w - a wand of quicksilver (29)
 y - a wand of warping (55)
 A - a wand of paralysis (55)
 H - a wand of polymorph (24)
 J - a wand of digging (23)
 T - a wand of mindburst (31)
Scrolls
 f - 8 scrolls of fear
 g - 14 scrolls of immolation
 i - 3 scrolls of blinking
 n - 8 scrolls of poison
 s - 4 scrolls of amnesia
 D - 5 scrolls of teleportation
 F - 7 scrolls of fog
 K - a scroll of revelation
 L - 2 scrolls of butterflies
 M - 4 scrolls of vulnerability
Potions
 a - 3 potions of resistance
 l - 4 potions of enlightenment
 m - 9 potions of heal wounds
 o - 5 potions of lignification
 t - 5 potions of brilliance
 z - 22 potions of curing
 E - 7 potions of cancellation
 G - 7 potions of attraction
 Q - 2 potions of magic
 R - 2 potions of invisibility
 S - 4 potions of ambrosia
 W - a potion of haste
Miscellaneous
 b - a lightning rod (4/4)
 q - a phial of floods
 r - a phantom mirror
 O - a box of beasts
 U - a condenser vane


   Skills:
 - Level 20.0 Fighting
 - Level 10.0 Armour
 + Level 15.6 Dodging
 - Level 2.0 Stealth
 + Level 15.5 Shields
 - Level 20.0 Spellcasting
 - Level 26.0 Conjurations
 - Level 7.4 Translocations
 - Level 26.0 Fire Magic
 - Level 10.0 Alchemy
 - Level 5.0 Evocations


You had 18 spell levels left.
You knew the following spells:

 Your Spells              Type           Power      Damage    Failure   Level
a - Starburst             Conj/Fire      55%        6d15      1%          6
b - Irradiate             Conj/Alch      46%        3d27      1%          5
c - Fulminant Prism       Conj/Alch      46%        3d21      1%          4
d - Iskenderun's Mystic   Conj/Tloc      90%        2d18      1%          4
e - Ignition              Fire           55%        3d15      1%          8
f - Stone Arrow           Conj/Erth      100%       3d13      1%          3
g - Orb of Destruction    Conj           55%        9d14      1%          7
h - Blink                 Tloc           100%       N/A       1%          2
i - Fireball              Conj/Fire      55%        3d21      0%          5
j - Apportation           Tloc           100%       N/A       1%          1
k - Mephitic Cloud        Conj/Alch/Air  78%        N/A       1%          3

Your spell library contained the following spells:

 Spells                   Type           Power      Damage    Failure   Level
 Foxfire                  Conj/Fire      100%       2x1d9     0%          1
 Magic Dart               Conj           100%       1d8       0%          1
 Sting                    Conj/Alch      100%       1d9       0%          1
 Scorch                   Fire           100%       2d9       0%          2
 Searing Ray              Conj           100%       2d8       0%          2
 Flame Wave               Conj/Fire      100%       2d21      0%          4
 Iskenderun's Battlesphe  Conj           100%       2d15      0%          5
 Shock                    Conj/Air       100%       1d9       1%          1
 Lesser Beckoning         Tloc           100%       N/A       1%          2
 Momentum Strike          Conj/Tloc      100%       3d10      1%          2
 Dazzling Flash           Conj/Hex       100%       N/A       1%          3
 Gell's Gravitas          Tloc           64%        N/A       1%          3
 Hailstorm                Conj/Ice       81%        3d14      1%          3
 Inner Flame              Hex/Fire       81%        N/A       1%          3
 Teleport Other           Tloc           64%        N/A       1%          3
 Volatile Blastmotes      Fire/Tloc      100%       2d18      1%          3
 Brom's Barrelling Bould  Conj/Erth      81%        2d9       1%          4
 Summon Blazeheart Golem  Fire/Summ      81%        N/A       1%          4
 Mercury Vapours          Alch/Air       100%       N/A       2%          2
 Olgreb's Toxic Radiance  Alch           72%        N/A       2%          4
 Alistair's Intoxication  Alch           48%        N/A       6%          5
 Passage of Golubria      Tloc           64%        N/A       7%          4
 Bombard                  Conj/Erth      40%        9d7       10%         6
 Conjure Ball Lightning   Conj/Air       40%        3x3d13    10%         6
 Plasma Beam              Fire/Air       40%        2x1d54    10%         6
 Freezing Cloud           Conj/Ice/Air   34%        6-21      11%         5
 Necrotise                Necr           100%       1d9       14%         1
 Sandblast                Erth           58%        2d13      14%         1
 Slow                     Hex            100%       N/A       14%         1
 Summon Small Mammal      Summ           100%       N/A       14%         1
 Petrify                  Alch/Erth      55%        N/A       17%         4
 Ensorcelled Hibernation  Hex/Ice        58%        N/A       21%         2
 Jinxbite                 Hex            58%        N/A       21%         2
 Sublimation of Blood     Necr           29%        N/A       21%         2
 Dimensional Bullseye     Hex/Tloc       25%        N/A       30%         4
 Eringya's Noxious Bog    Alch           36%        4d6       34%         6
 Call Canine Familiar     Summ           29%        N/A       38%         3
 Confusing Touch          Hex            29%        N/A       38%         3
 Frozen Ramparts          Ice            58%        1d9       38%         3
 Fugue of the Fallen      Necr           29%        N/A       38%         3
 Ozocubu's Armour         Ice            29%        N/A       38%         3
 Passwall                 Erth           29%        N/A       38%         3
 Sigil of Binding         Hex            29%        N/A       38%         3
 Summon Ice Beast         Ice/Summ       29%        N/A       38%         3
 Swiftness                Air            29%        N/A       38%         3
 Tukima's Dance           Hex            29%        N/A       38%         3
 Vampiric Draining        Necr           29%        2d8       38%         3
 Spellforged Servitor     Conj/Summ      40%        N/A       50%         7
 Summon Forest            Summ/Tloc      25%        N/A       63%         5
 Airstrike                Air            14%        2d(3-19)  80%         4
 Anguish                  Hex/Necr       14%        N/A       80%         4
 Animate Armour           Summ/Erth      58%        N/A       80%         4
 Cause Fear               Hex            14%        N/A       80%         4
 Martyr's Knell           Necr/Summ      29%        N/A       80%         4
 Sculpt Simulacrum        Ice/Alch       27%        N/A       95%         6
 Borgnjor's Vile Clutch   Necr/Erth      14%        N/A       98%         5
 Curse of Agony           Necr           29%        N/A       98%         5
 Metabolic Englaciation   Hex/Ice        14%        N/A       98%         5
 Silence                  Hex/Air        14%        N/A       98%         5
 Summon Mana Viper        Hex/Summ       29%        N/A       98%         5
 Lehudib's Crystal Spear  Conj/Erth      40%        10d10     99%         8
 Permafrost Eruption      Ice/Erth       14%        2x4d5     100%        6
 Summon Cactus Giant      Summ           14%        N/A       100%        6
 Haunt                    Necr/Summ      14%        N/A       100%        7
 Malign Gateway           Summ/Tloc      25%        N/A       100%        7
 Summon Hydra             Summ           14%        N/A       100%        7
 Borgnjor's Revivificati  Necr           14%        N/A       100%        8
 Discord                  Hex            14%        N/A       100%        8
 Disjunction              Tloc           32%        N/A       100%        8
 Maxwell's Capacitive Co  Air            14%        ∞         100%        8
 Summon Horrible Things   Summ           14%        N/A       100%        8
 Death's Door             Necr           14%        N/A       100%        9


Dungeon Overview and Level Annotations

Branches:
Dungeon (15/15)            Temple (1/1) D:4            Lair (5/5) D:9
  Swamp (4/4) Lair:3        Snake (4/4) Lair:3        Slime (5/5) Lair:5
    Orc (2/2) D:12            Elf (3/3) Orc:2        Vaults (5/5) D:13
  Crypt (0/3) Vaults:3     Depths (4/4) D:15            Zot (5/5) Depths:4

Altars:
Ashenzari
Cheibriados
Dithmenos
Elyvilon
Fedhas
Gozag
Hepliaklqana
Kikubaaqudgha
Makhleb
Nemelex Xobeh
Okawaru
Qazlal
Ru
Sif Muna
Trog
Uskayaw
Vehumet
Wu Jian
Xom
Yredelemnul
Zin
The Shining One
Jiyva
Lugonu

Shops:
D:15 [*=   Orc:1 :[((   Orc:2 :[:(   Elf:2 =(   Snake:1 [=:*   Snake:2 *
Snake:3 ?[*!:==[   Zot:5 :**   Depths:4 *

Portals:
Hell: Depths:1 Depths:2 Depths:3 Depths:4
Abyss: Lair:5 Zot:1 Depths:1 Depths:3
Pandemonium: Depths:2 Depths:4

Annotations:
Swamp:3 2 transporters, exclusion: orange crystal statue
Vaults:4 1 runed translucent door
Depths:1 3 runed translucent doors, exclusion: 3 doors


Innate Abilities, Weirdness & Mutations

You have a beak for a mouth.
You have claws for feet.
Your magical flight helps you evade attacks. (EV +4)
You can magically evade attacks while moving or waiting.
You have sharp fingernails.
Your flesh is cold resistant. (rC+)
Your magical capacity is very low. (-20% MP)
You are somewhat resistant to further mutation.
You occasionally lose the ability to drink potions when taking damage.


Message History

Some rock shatters into small pieces.
Things that are here:
a +0 troll leather armour {Pargi}; the troll skeleton of Pargi You hear a grinding noise.
You hear a grinding noise.
Things that are here:
a +0 spear; a gnoll skeleton
There is a stone staircase leading up here.
You fly upwards.
There is a stone staircase leading down here.
Things that are here:
the +0 leather armour of Liberalism {Will+ Dex+5}; a +0 robe The Executioner stares, then turns away, jangling a coin purse.
An Executioner comes into view.
The Executioner moves out of view.
There is a stone staircase leading up here.
You fly upwards.
There is a stone staircase leading down here.
A hellwing comes into view.
The hellwing swoops through the air toward you!
You block the hellwing's attack. x2
The wavering orb of destruction weakly hits the hellwing!!
The hellwing is heavily wounded.
Your Orb Guardian hits the hellwing!!
The hellwing dies!
You can't see any susceptible monsters within range! (Use Z to cast anyway.)
You can't see any susceptible monsters within range! (Use Z to cast anyway.)
A chaos spawn comes into view.
Something hits the chaos spawn!!!
The chaos spawn dies!
The chaos spawn degenerates into a cloud of primal chaos!
There is a stone staircase leading up here.
You fly upwards.
There is a stone staircase leading down here.
Magic restored.
There is an open door here.
A blizzard demon comes into view.
Your blizzard demon grins greedily, jangling a coin purse.
There is a staircase leading out of the dungeon here.
You have escaped!

#.......#...............#........
........#.#############.#........
#####.###.#...........#.#......#.
#...#.#.####.####.#...###....
#.#...#.#..2....#.#.#.# #..#.
#.###.#.#.#####.#.#.#.# #..#.
#####.# #.#.#.#...#.#.#.#.###..#.
#.....# #.#.#.#...#2#.#.#.#.#.(..
#.....# #.'.#.#.@...#.'.#.#.#.#..
#.....# #.#.#.#...#.#.#.#.....+[.
#.....# #.#.#.#...#.#.#.#.#.#.#..
#.....# #.#.#.#####.#.#.#.#......
#####.###.#.#.......#.#...#####..
#.........#.####.####.#.#........
#......##.#...........#.#...###..
#......##.#############.#...# #..
#.......#...............#...# #..


You could see a friendly blizzard demon.

Vanquished Creatures
  the Royal Jelly (Slime:5)
  4 dread liches (Zot:5)
  3 orbs of fire (Zot:5)
  4 ancient liches
  2 juggernauts
  4 Killer Klowns
  3 curse toes
  4 caustic shrikes
  Saint Roka (Vaults:4)
  12 golden dragons
  Norris (Vaults:4)
  A bone dragon (Depths:4)
  the Enchantress (Depths:2)
  A doom hound (Zig:1)
  2 electric golems (Zot:5)
  Rupert (D:13)
  26 tentacled monstrosities
  2 Hell Sentinels
  2 liches
  3 deep elf blademasters
  Zenata (Vaults:4)
  6 titans
  2 deep elf master archers (Elf:3)
  25 Orb Guardians
  2 walking divine tomes (Depths:3)
  5 quicksilver dragons
  12 death cobs
  7 sphinxes
  19 acid blobs
  The ghost of Zigma the Grappler, an adept DrMo of Yredelemnul (Snake:4)
  2 thorn hunters (Swamp:4)
  2 tengu reavers (Vaults:5)
  14 shadow dragons
  5 draconian monks
  8 storm dragons
  5 protean progenitors
  5 rockslimes (Slime:5)
  14 azure jellies
  14 fire giants
  11 deep elf sorcerers
  4 draconian knights
  6 nagarajas (Snake:4)
  6 draconian shifters
  14 vault wardens
  Louise (Elf:3)
  A ghost moth (Zot:4)
  6 frost giants
  8 deep elf elementalists
  9 draconian scorchers
  5 iron dragons
  An angel (Zot:1)
  7 draconian annihilators
  27 ironbound preservers
  2 orc warlords
  3 draconian stormcallers
  10 quicksilver oozes
  3 reapers
  3 spriggan defenders (Depths:2)
  33 very ugly things
  8 ironbound thunderhulks
  6 formless jellyfish
  13 stone giants
  3 vampire knights
  The ghost of Fastnbulbous the Skirmisher, a journeyman CoHs of Okawaru (Orc:2)
  A deep elf death mage (Elf:2)
  The ghost of AeshMezareph the Fighter, a journeyman OnWr of the Shining One (D:11)
  2 deep elf demonologists
  A putrid mouth (Depths:4)
  12 green draconians
  8 black draconians
  An eleionoma (Swamp:4)
  8 purple draconians
  7 white draconians
  4 bunyips
  5 deep elf annihilators (Elf:3)
  A minotaur (Orc:2)
  The ghost of Oria the Martial Artist, a journeyman GnSh of Yredelemnul (Lair:4)
  20 red draconians
  10 dire elephants
  A war gargoyle (Vaults:2)
  6 yellow draconians
  3 spark wasps
  Snorg (D:13)
  A merfolk impaler (Orc:2)
  An entropy weaver (Vaults:1)
  8 ettins
  A merfolk javelineer (Orc:2)
  A crystal guardian (Vaults:2)
  A shambling mangrove (Swamp:4)
  8 deep elf high priests
  9 fire dragons
  An entropy weaver (shapeshifter) (D:13)
  10 great orbs of eyes
  13 yaktaur captains
  A peacekeeper (Vaults:2)
  A rakshasa (D:14)
  17 hydras
  A hell beast (Zot:5)
  29 vault guards
  3 catoblepae
  6 ghost crabs
  11 ice dragons
  12 ironbound frosthearts
  6 boulder beetles
  6 salamander tyrants
  2 jorogumos (Zot:4)
  9 anacondas
  9 spriggan air magi
  7 alligators
  19 dancing weapons
  Erica (D:11)
  4 two-headed ogres
  17 centaur warriors
  A death knight (D:15)
  A deep troll shaman (Depths:3)
  7 death yaks
  The ghost of Morbidden the Blocker, a novice DrSh of Cheibriados (D:10)
  12 tengu warriors
  4 orc high priests (Orc:2)
  A deep troll earth mage (Vaults:5)
  10 shock serpents
  A vampire mage (Depths:1)
  19 deep elf knights
  A titan zombie (Vaults:2)
  9 spriggan berserkers
  2 thrashing horrors (Lair:5)
  10 naga warriors
  A storm dragon zombie (Vaults:2)
  A titan skeleton (Vaults:2)
  A soul eater (Depths:4)
  8 naga sharpshooters
  4 fire crabs (Zot:5)
  A sun demon (Depths:4)
  The ghost of Loefaen the Carver, a novice DrBe of Trog (D:7)
  5 skysharks
  An iron troll (Depths:3)
  7 hell knights
  A death drake (Swamp:4)
  5 goliath frogs
  A deep troll (shapeshifter) (Depths:3)
  8 salamander mystics
  11 skeletal warriors
  A death drake (shapeshifter) (Vaults:2)
  5 flayed ghosts
  4 bog bodies
  6 arcanists
  5 glowing orange brains
  2 orb spiders (shapeshifter)
  7 mana vipers
  7 swamp dragons
  55 deep trolls
  6 phantasmal warriors
  14 ironbound convokers
  5 naga ritualists
  A harpy (shapeshifter) (Elf:1)
  Pikel (D:8)
  An obsidian bat (Orc:1)
  16 deep elf archers
  2 shadow demons
  4 harpies (Vaults:4)
  8 spriggan druids
  22 deep elf zephyrmancers
  2 orange crystal statues
  3 lindwurms
  8 necromancers
  7 cyclopes
  26 deep elf pyromancers
  5 will-o-the-wisps
  14 orc knights
  A shadow dragon skeleton (Depths:2)
  37 ugly things
  A faun (shapeshifter) (Vaults:2)
  A tengu skeleton (Depths:2)
  4 shining eyes
  7 orc sorcerers
  6 manticores
  A moth of wrath (shapeshifter) (Depths:4)
  A stone giant zombie (Depths:1)
  10 elephants
  16 salamanders
  5 kobold blastminers
  3 large abominations
  13 vault sentinels
  A guardian serpent (shapeshifter) (Vaults:5)
  21 moths of wrath
  4 apocalypse crabs (Swamp:2)
  44 black mambas
  9 naga magi
  Maurice (D:11)
  2 guardian serpents (Snake:1)
  An elephant (shapeshifter) (Vaults:1)
  A gargoyle (D:11)
  2 orange demons (Orc:2)
  3 smoke demons
  2 torpor snails
  A water nymph (shapeshifter) (Vaults:4)
  4 eyes of devastation
  A yaktaur zombie (Vaults:4)
  10 cane toads
  2 tengu conjurers
  3 efreet
  17 komodo dragons
  39 yaktaurs
  An ice devil (D:10)
  10 rime drakes
  3 freezing wraiths
  2 unseen horrors
  2 kobold demonologists (D:11)
  3 merfolk (Zot:1)
  5 trolls
  A bloated husk (Swamp:1)
  20 hornets
  2 polar bears
  Grinder (D:6)
  A troll (shapeshifter) (Elf:1)
  12 tyrant leeches
  A raiju (Lair:5)
  A snapping turtle (shapeshifter) (Vaults:2)
  5 glass eyes
  17 blink frogs
  4 air elementals
  A fire giant simulacrum (Depths:2)
  118 slime creatures
  5 ynoxinuls
  4 water elementals
  A spriggan zombie (Depths:1)
  A jumping spider (shapeshifter) (Vaults:5)
  A shadow (D:10)
  32 spriggans
  9 small abominations (Lair:5)
  Eustachio (D:5)
  A spriggan (shapeshifter) (D:14)
  An elf skeleton (Vaults:4)
  62 yaks
  A fire elemental (Elf:2)
  A wraith (D:12)
  3 wargs
  5 wyverns
  2 hogs (D:13)
  6 golden eyes
  4 steam dragons
  8 vampire mosquitoes
  A golden eye (shapeshifter) (D:15)
  A neqoxec (Zot:5)
  10 basilisks
  3 chaos spawn
  10 swamp worms
  2 redbacks (shapeshifter)
  2 redbacks (Depths:3)
  43 nagas
  2 swamp worms (shapeshifter)
  3 acid dragons
  A glowing shapeshifter zombie (Depths:2)
  Duvessa (D:5)
  17 water moccasins
  24 orc warriors
  2 black bears
  2 human skeletons
  Pargi (D:4)
  12 swamp drakes
  A boggart (Vaults:1)
  2 laughing skulls (D:14)
  15 ogres
  20 wolves
  An ettin simulacrum (Depths:1)
  4 centaurs (D:11)
  2 lemures (D:8)
  2 phantoms
  A human zombie (Vaults:4)
  11 kobold brigands
  15 bullfrogs
  9 scorpions
  12 wights
  Dowan (D:5)
  A hornet simulacrum (D:15)
  6 killer bees (D:10)
  A howler monkey (D:11)
  3 electric eels (Elf:3)
  2 lava snakes (Lair:3)
  2 gnoll boudas
  3 hounds
  5 jellies
  Crazy Yiuf (D:4)
  25 orc priests
  3 iguanas
  30 orc wizards
  11 hell rats
  12 adders
  18 gnolls
  14 river rats
  2 white imps
  4 ufetubi
  2 ribbon worms
  81 orcs
  3 ball pythons
  3 endoplasms
  5 giant cockroaches
  12 goblins
  5 hobgoblins
  5 jackals
  20 kobolds
  4 quokkas
  5 bats
  2 frilled lizards (D:1)
  A quokka zombie (D:4)
  8 rats
  A rat zombie (D:4)
  A fulminant prism (D:15)
  2 lurking horrors (Zot:1)
2266 creatures vanquished.

Vanquished Creatures (collateral kills)
  Jory (Vaults:4)
  An acid blob (Slime:5)
  Kirke (D:13)
  A rockslime (Slime:5)
  A ghoul (Swamp:4)
  A quicksilver ooze (Slime:5)
  A rakshasa (Depths:2)
  An ironbound frostheart (Vaults:3)
  An orc knight (Orc:2)
  A rust devil (D:7)
  A hellwing (D:2)
  A slime creature (Slime:5)
  A hog (D:13)
  A chaos spawn (D:2)
14 creatures vanquished.

Vanquished Creatures (others)
  A draconian knight (Zot:1)
  A fire giant (Depths:3)
  A great orb of eyes (Vaults:2)
  2 deep elf knights
  A deep elf pyromancer (Elf:2)
  A bloated husk (Swamp:3)
  A kobold brigand (D:11)
  An orc priest (Orc:2)
  An orc wizard (Orc:2)
  12 foxfires (Swamp:1)
  387 fulminant prisms
409 creatures vanquished.

Grand Total: 2689 creatures vanquished

Notes
Turn   | Place    | Note
-------+----------+-------------------------------------------
     0 | D:1      | Drift2Die the Tengu Conjurer began the quest for the Orb.
     0 | D:1      | Reached XP level 1. HP: 10/10 MP: 4/4
   372 | D:1      | Reached XP level 2. HP: 15/15 MP: 0/6
  1139 | D:2      | Reached XP level 3. HP: 19/19 MP: 2/7
  1200 | D:2      | Identified the +0 leather armour of Liberalism {Will+
                  | Dex+5}
  1252 | D:2      | Learned a level 2 spell: Searing Ray
  1297 | D:2      | Found a faded altar of an unknown god.
  1906 | D:3      | Reached XP level 4. HP: 20/24 MP: 4/9
  1973 | D:3      | Found a basalt altar of Yredelemnul.
  1976 | D:3      | Found a radiant altar of Vehumet.
  2111 | D:3      | Identified the +6 leather armour of the Wild Haggis {rElec
                  | rCorr}
  2444 | D:3      | Noticed an ogre
  2728 | D:3      | Reached XP level 5. HP: 28/28 MP: 6/11
  3228 | D:3      | Killed an ogre
  3978 | D:3      | Found a basalt altar of Yredelemnul.
  3981 | D:3      | Found a radiant altar of Vehumet.
  4089 | D:4      | Reached XP level 6. HP: 32/32 MP: 5/13
  4564 | D:4      | Noticed Pargi
  4604 | D:4      | Reached skill level 5 in Spellcasting
  4604 | D:4      | Gained mutation: Your magical flight helps you evade
                  | attacks. (EV +4) [Tengu growth]
  4604 | D:4      | Reached XP level 7. HP: 36/36 MP: 7/15
  4608 | D:4      | Killed Pargi
  4758 | D:4      | Reached skill level 1 in Alchemy
  5025 | D:4      | Reached skill level 1 in Translocations
  5334 | D:4      | Found a staircase to the Ecumenical Temple.
  5343 | Temple   | Entered the Ecumenical Temple
  5349 | Temple   | Became a worshipper of Gozag Ym Sagoz the Greedy
  5483 | D:4      | Identified the +2 hand axe of Tenacity {freeze, Int+6}
  5492 | D:4      | Found a runed translucent door.
  5493 | D:4      | Noticed Crazy Yiuf
  5722 | D:4      | Learned a level 4 spell: Fulminant Prism
  5727 | D:4      | Learned a level 4 spell: Iskenderun's Mystic Blast
  5813 | D:5      | Entered Level 5 of the Dungeon
  5813 | D:5      | Noticed Eustachio
  5931 | D:5      | Reached XP level 8. HP: 41/41 MP: 12/17
  6144 | D:5      | Found a glowing silver altar of Zin.
  6176 | D:5      | Identified the +6 hand axe of Saltpetre {holy, rPois rC+
                  | Dex+5}
  7321 | D:5      | Killed Eustachio
  7742 | D:5      | Reached skill level 10 in Conjurations
  7851 | D:5      | Noticed Dowan
  7971 | D:6      | Noticed Grinder
  7976 | D:6      | Reached XP level 9. HP: 38/45 MP: 3/19
  8452 | D:6      | Killed Grinder
  9512 | D:4      | Killed Crazy Yiuf
  9828 | D:7      | Reached skill level 5 in Alchemy
 10120 | D:7      | Found a transporter.
 10122 | D:7      | Found a transporter.
 10123 | D:7      | Noticed Loefaen's ghost (novice DrBe)
 10349 | D:7      | Found a snail-covered altar of Cheibriados.
 10704 | D:8      | Noticed Pikel
 10710 | D:8      | Killed Pikel
 10711 | D:8      | Reached skill level 5 in Translocations
 10711 | D:8      | Reached XP level 10. HP: 50/50 MP: 13/22
 10832 | D:8      | Noticed a two-headed ogre
 10845 | D:8      | Killed a two-headed ogre
 12172 | D:9      | Found a staircase to the Lair.
 12972 | D:9      | Reached skill level 15 in Conjurations
 12972 | D:9      | Reached XP level 11. HP: 54/54 MP: 5/24
 13298 | D:9      | Found a glowing golden altar of the Shining One.
 13298 | D:9      | Found a shimmering blue altar of Sif Muna.
 13298 | D:9      | You are sucked into a shaft and drop 3 floors!
 13626 | D:12     | Noticed a boulder beetle
 13652 | D:12     | Found a staircase to the Orcish Mines.
 13779 | D:12     | Noticed a two-headed ogre
 13788 | D:12     | Killed a two-headed ogre
 13897 | D:11     | Found a frozen archway.
 14111 | D:10     | Entered Level 10 of the Dungeon
 14204 | D:9      | Found a burning altar of Makhleb.
 14206 | D:9      | Found a hide-covered altar of Uskayaw.
 14208 | D:9      | Found a broken altar of Ashenzari.
 14348 | D:10     | Identified the +0 ring mail "Riexuk" {rC+ Str+2 Dex+3}
 14361 | D:10     | Noticed a two-headed ogre
 14371 | D:10     | Killed a two-headed ogre
 14521 | D:10     | Found a runed translucent door.
 14523 | D:10     | Noticed Morbidden's ghost (novice DrSh)
 14580 | D:10     | Found a transporter.
 14583 | D:10     | Found a white marble altar of Elyvilon.
 14583 | D:10     | Found a transporter.
 15377 | D:11     | Noticed Maurice
 15382 | D:11     | Killed Maurice
 15402 | D:11     | Noticed Erica
 15601 | Lair:1   | Entered Level 1 of the Lair of Beasts
 16376 | Lair:1   | Reached XP level 12. HP: 51/59 MP: 9/25
 18158 | Lair:1   | Learned a level 5 spell: Alistair's Intoxication
 18210 | Lair:1   | Noticed a catoblepas
 18614 | Lair:1   | Killed a catoblepas
 18615 | Lair:1   | Reached skill level 10 in Alchemy
 18852 | Lair:1   | Reached skill level 1 in Fighting
 18852 | Lair:1   | Reached skill level 1 in Evocations
 20297 | Lair:2   | Found an ancient bone altar of Kikubaaqudgha.
 20670 | Lair:2   | Noticed a catoblepas
 20683 | Lair:2   | Killed a catoblepas
 21212 | Lair:3   | Noticed a four-headed hydra
 21229 | Lair:3   | Killed a four-headed hydra
 21230 | Lair:3   | Reached skill level 5 in Fighting
 21230 | Lair:3   | Reached skill level 5 in Evocations
 21230 | Lair:3   | Reached XP level 13. HP: 73/73 MP: 2/26
 23806 | Lair:3   | Found a staircase to the Swamp.
 23998 | Lair:3   | Found a staircase to the Snake Pit.
 24918 | Lair:3   | Identified the +6 short sword of Jyupluemn {flame, ^Drain
                  | Str+6 Dex+7}
 25481 | Lair:3   | Identified a scroll of acquirement
 25481 | Lair:3   | Acquired the ring of the Louse {rElec rPois rCorr}
 25832 | Lair:4   | Noticed a dire elephant
 26366 | Lair:4   | Reached skill level 10 in Fighting
 27707 | Lair:4   | Noticed Oria's ghost (journeyman GnSh)
 27725 | Lair:4   | Found a bloodstained altar of Trog.
 27732 | Lair:4   | Found a transporter.
 27782 | Lair:4   | Found a transporter.
 27973 | Lair:4   | Reached skill level 5 in Dodging
 28334 | Lair:4   | Reached XP level 14. HP: 88/88 MP: 9/28
 28583 | Lair:4   | Found a runed translucent door.
 28607 | Lair:4   | Noticed a dire elephant
 28848 | Lair:5   | Entered Level 5 of the Lair of Beasts
 28848 | Lair:5   | Found a staircase to the Slime Pits.
 28848 | Lair:5   | Found a viscous altar of Jiyva.
 29987 | Lair:5   | Reached skill level 10 in Spellcasting
 32159 | Lair:5   | Identified the +0 robe of Sistahuo {Will++}
 33342 | D:11     | Killed Erica
 33470 | D:11     | Found a runed translucent gate.
 33470 | D:11     | Found a runed translucent gate.
 33470 | D:11     | Noticed AeshMezareph's ghost (journeyman OnWr)
 33472 | D:11     | Found a runed translucent gate.
 34247 | Orc:1    | Entered Level 1 of the Orcish Mines
 34275 | Orc:1    | Found Ovutzy's Book Shop.
 34532 | Orc:1    | Found a burning altar of Makhleb.
 35479 | Orc:2    | Entered Level 2 of the Orcish Mines
 36143 | Orc:2    | Learned a level 3 spell: Stone Arrow
 37190 | Orc:2    | Found a staircase to the Elven Halls.
 37599 | Orc:2    | Reached XP level 15. HP: 91/92 MP: 25/32
 37906 | Orc:2    | Found a runed translucent gate.
 37908 | Orc:2    | Found a runed translucent gate.
 37910 | Orc:2    | Noticed Fastnbulbous's ghost (journeyman CoHs)
 38089 | Orc:2    | Found a runed translucent gate.
 38091 | Orc:2    | Identified the +10 broad axe "Raofress" {flame, rC+ rN++
                  | rCorr Dex-2}
 38148 | Orc:2    | Found an iron altar of Okawaru.
 38722 | Orc:2    | Found Wuid's Book Boutique.
 38722 | Orc:2    | Found Viptis's Antique Armour Emporium.
 38725 | Orc:2    | Found Massop's Book Boutique.
 38725 | Orc:2    | Found Woymim's Antique Weapon Emporium.
 38736 | Orc:2    | Bought a pair of heavily runed gloves for 323 gold pieces
 38736 | Orc:2    | Identified the +3 pair of gloves "Wegink" {Int+2 Dex+4}
                  | (You bought it in a shop on level 2 of the Orcish Mines)
 38736 | Orc:2    | Bought a kite shield for 153 gold pieces
 38736 | Orc:2    | Bought a faintly humming scale mail for 306 gold pieces
 38736 | Orc:2    | Identified the +1 scale mail "Fops" {Harm *Corrode Fly
                  | rPois} (You bought it in a shop on level 2 of the Orcish
                  | Mines)
 38757 | Orc:2    | Bought a book of Movement for 420 gold pieces
 38851 | Orc:1    | Found Bijips's Antique Weapon Boutique.
 38851 | Orc:1    | Found Qiesh's Antique Weapon Emporium.
 38986 | Orc:1    | Bought a fine glaive for 379 gold pieces
 38986 | Orc:1    | Identified the +6 glaive "Ulops" {venom, ^Contam rN+ Int+3}
                  | (You bought it in a shop on level 1 of the Orcish Mines)
 39086 | Orc:1    | Found Xeoq's Antique Armour Shop.
 39094 | Orc:1    | Bought a glowing hat for 147 gold pieces
 39136 | Orc:1    | You are sucked into a shaft and drop 1 floor!
 39250 | D:12     | Reached skill level 1 in Shields
 40484 | D:5      | Noticed Duvessa
 40485 | D:5      | Killed Dowan
 40491 | D:5      | Killed Duvessa
 40821 | D:7      | Killed Loefaen's ghost
 41022 | D:10     | Killed Morbidden's ghost
 42338 | Lair:4   | Identified the +8 falchion of Responsibility {freeze, *Slow
                  | rF+ Int+3 Stlth+}
 43716 | Lair:5   | Found a corrupted altar of Lugonu.
 43716 | Lair:5   | Found a one-way gate to the infinite horrors of the Abyss.
 43728 | Lair:5   | Identified the +1 cloak of Subjectivity {Rampage rElec rF+
                  | rC-}
 43737 | Lair:5   | Learned a level 7 spell: Orb of Destruction
 44111 | D:13     | Noticed Kirke
 44252 | D:13     | Killed Kirke
 44636 | D:13     | Noticed Snorg
 44646 | D:13     | Killed Snorg
 44649 | D:13     | Reached skill level 5 in Shields
 44868 | D:13     | Noticed Rupert
 44948 | D:13     | Killed Rupert
 45739 | D:13     | Found a gate to the Vaults.
 45744 | D:13     | Reached XP level 16. HP: 100/100 MP: 31/35
 46270 | D:14     | Found a bloodstained altar of Trog.
 46681 | D:14     | Identified the ring "Joxaji" {Fly EV+5 Int+4}
 47527 | D:15     | Entered Level 15 of the Dungeon
 47602 | D:15     | Found a portal to a secret trove of treasure.
 48560 | D:15     | Reached skill level 15 in Spellcasting
 49307 | D:15     | Found a staircase to the Depths.
 50551 | D:15     | Found a runed translucent door.
 50719 | D:15     | Found a runed translucent door.
 50735 | D:15     | Found a runed translucent door.
 50749 | D:15     | Found a runed translucent door.
 51136 | Snake:1  | Entered Level 1 of the Snake Pit
 51360 | Lair:3   | Upgraded the game from 0.32-a0-825-g0e82a1035d to
                  | 0.32-a0-837-g8d3e27d251
 51580 | Orc:1    | Bought the Compendium of Rallying and the Vector for 720
                  | gold pieces
 51583 | Orc:1    | Learned a level 2 spell: Blink
 53323 | Snake:1  | Identified the ring of Guzygg {Str+3 SInv}
 53366 | Snake:1  | Identified the +5 chain mail of Amelioration {^Drain rF-
                  | rC++ rCorr}
 53714 | Snake:1  | Found Ejuj's General Store.
 53790 | Snake:1  | Found Juxeruon's Book Shoppe.
 53791 | Snake:1  | Found Rocziyme's Jewellery Emporium.
 53795 | Snake:1  | Bought a potion of haste for 180 gold pieces
 53795 | Snake:1  | Bought a scroll of teleportation for 54 gold pieces
 53795 | Snake:1  | Bought a potion of heal wounds for 90 gold pieces
 53801 | Snake:1  | Bought a ring of magical power for 280 gold pieces
 54031 | Snake:1  | Found a white marble altar of Elyvilon.
 54207 | Snake:1  | Found Sikandar's Dragon-Slaying Spoils.
 55170 | Snake:1  | Bought +1 storm dragon scales for 1392 gold pieces
 55410 | Snake:2  | Found Yllolium's Neck Hole.
 55424 | Snake:2  | Reached XP level 17. HP: 95/106 MP: 14/37
 57358 | Snake:3  | Found Xilu's Distillery.
 57361 | Snake:3  | Bought 2 potions of magic for 240 gold pieces
 57361 | Snake:3  | Bought a potion of mutation for 120 gold pieces
 57361 | Snake:3  | Bought a potion of lignification for 45 gold pieces
 57361 | Snake:3  | Bought a potion of cancellation for 120 gold pieces
 57361 | Snake:3  | Bought a potion of brilliance for 60 gold pieces
 57361 | Snake:3  | Bought a potion of lignification for 45 gold pieces
 57584 | Snake:3  | Reached skill level 1 in Fire Magic
 57738 | Snake:3  | Found Domeix's Armour Shoppe.
 57747 | Snake:3  | Found Moarossi's Book Shoppe.
 57747 | Snake:3  | Found Urelax's Jewellery Shop.
 57748 | Snake:3  | Found Ohoto Wao's Jewellery Shop.
 58070 | Snake:3  | Found Deinoiwu's General Store.
 58090 | Snake:3  | Found Efeapenu's Antique Armour Shop.
 58101 | Snake:3  | Found Palevacs's Magic Scroll Shoppe.
 58208 | Snake:4  | Entered Level 4 of the Snake Pit
 58216 | Snake:4  | Reached skill level 10 in Shields
 58606 | Snake:4  | Found a transporter.
 58832 | Snake:4  | Found a transporter.
 58836 | Snake:4  | Noticed Zigma's ghost (adept DrMo)
 59843 | Snake:4  | Reached skill level 5 in Fire Magic
 61990 | Snake:4  | Got a serpentine rune of Zot
 62023 | Snake:4  | Learned a level 6 spell: Starburst
 62129 | Swamp:1  | Entered Level 1 of the Swamp
 63020 | Elf:1    | Entered Level 1 of the Elven Halls
 63045 | Elf:1    | Reached XP level 18. HP: 95/112 MP: 10/38
 64024 | Elf:1    | Found a huge runed translucent gate.
 64025 | Elf:1    | Found a huge runed translucent gate.
 64026 | Elf:1    | Found a huge runed translucent gate.
 64031 | Elf:1    | Found a huge runed translucent gate.
 64031 | Elf:1    | Found a huge runed translucent gate.
 64031 | Elf:1    | Found a huge runed translucent gate.
 64031 | Elf:1    | Found a huge runed translucent gate.
 64033 | Elf:1    | Found a huge runed translucent gate.
 64033 | Elf:1    | Found a huge runed translucent gate.
 64033 | Elf:1    | Found a huge runed translucent gate.
 64033 | Elf:1    | Found a huge runed translucent gate.
 64033 | Elf:1    | Found a huge runed translucent gate.
 64033 | Elf:1    | Found a huge runed translucent gate.
 64033 | Elf:1    | Found a huge runed translucent gate.
 64057 | Elf:1    | Found a huge runed translucent gate.
 64057 | Elf:1    | Found a huge runed translucent gate.
 64057 | Elf:1    | Found a huge runed translucent gate.
 64057 | Elf:1    | Found a huge runed translucent gate.
 64057 | Elf:1    | Found a huge runed translucent gate.
 64057 | Elf:1    | Found a huge runed translucent gate.
 64064 | Elf:1    | Noticed a deep elf blademaster
 64363 | Elf:1    | Paralysed by an air elemental for 1 turns
 65143 | Elf:2    | Found a runed translucent gate.
 65143 | Elf:2    | Found a runed translucent gate.
 65145 | Elf:2    | Found a runed translucent gate.
 65218 | Elf:2    | Reached skill level 10 in Fire Magic
 65311 | Elf:2    | Found an ancient bone altar of Kikubaaqudgha.
 65490 | Elf:2    | Found Voquly's Weapon Shop.
 65699 | Elf:2    | Paralysed by an air elemental for 1 turns
 65746 | Elf:2    | Identified the +1 ring mail of the Locust {+Inv rN+ Dex+2}
 66565 | Elf:2    | Found Decasat's One-of-a-Kind Rings.
 66685 | Elf:3    | Entered Level 3 of the Elven Halls
 66889 | Elf:1    | Killed a deep elf blademaster
 67328 | Elf:3    | Noticed Louise
 67354 | Elf:3    | Killed Louise
 69279 | Elf:2    | Found a radiant altar of Vehumet.
 69790 | Elf:3    | Found the +8 longbow "Zephyr" {speed, Dex+3 SInv}
 69852 | Elf:3    | Identified the +6 spear "Puof Nereos" {elec, Dex+4}
 70746 | Elf:3    | Reached XP level 19. HP: 75/116 MP: 34/39
 71138 | Elf:3    | Reached skill level 15 in Fire Magic
 71144 | Elf:3    | Identified the +6 spear "Manerus" {vamp, Int+6}
 72085 | Elf:3    | Identified the +2 halberd of the Disbelieving Ass {venom,
                  | rF+ Str-2 Int+5}
 72085 | Elf:3    | Identified the ring of Nobility {rElec rC- Will+ rCorr}
 72407 | Elf:3    | Identified the +0 plate armour of Weck {Dex+2}
 72424 | Elf:3    | Got Ydell's Notes on Mischance and the Voyage
 72427 | Elf:3    | Got Sif Muna's Incunable of the Salvo and Feathers
 72578 | Elf:3    | Identified the +7 orcbow of Res Nullius {heavy, rF+ rN+}
 72589 | Elf:3    | Got Sif Muna's Cyclopedia of the Elliptic Jinx
 72600 | Elf:3    | Identified the +1 swamp dragon scales "Hiafytyb" {rPois
                  | Str+4}
 72786 | Elf:3    | Identified the +9 shortbow of the Shark {heavy, rC+ rN+
                  | Will+ Stlth-}
 73552 | D:15     | You paid a toll of +2 storm dragon scales to enter a
                  | treasure trove
 73553 | Trove    | Entered a treasure trove
 73560 | Trove    | Identified the amulet "Kisk" {Regen+ Int+4 Stlth+}
 73564 | Trove    | Identified the amulet "Hocruur" {rN+ Regen+}
 73574 | Trove    | Identified the scarf "Xeac" {repulsion, rElec Dex+3}
 73648 | D:15     | Learned a level 5 spell: Irradiate
 73662 | D:15     | Bought the +5 scale mail of Kezyig {Rampage rF+ MP+9 Int-3}
                  | for 667 gold pieces
 73827 | D:15     | Bought a pair of spiked gloves for 285 gold pieces
 73827 | D:15     | Identified the +0 pair of gloves of Divine Compulsion
                  | {Dex+5} (You bought it in a shop on level 15 of the
                  | Dungeon)
 73992 | Vaults:1 | Entered Level 1 of the Vaults
 73999 | Vaults:1 | Reached skill level 1 in Armour
 74634 | Vaults:1 | Found a crumbling gateway.
 75472 | Vaults:1 | Reached skill level 5 in Armour
 75802 | Vaults:1 | Identified the +11 spear "Fynn" {flame, rPois rF+ rC-
                  | Str+7}
 77168 | Vaults:1 | Reached XP level 20. HP: 111/122 MP: 21/40
 82865 | Vaults:2 | HP: 4/122 [ironbound frostheart/creeping frost (54)]
 84033 | Snake:1  | Bought the +5 steam dragon scales "Ostralaq" {Int+6} for
                  | 1353 gold pieces
 84703 | Elf:2    | Bought the ring "Vuimyer" {HP+14 Str+6 Dex+3} for 1416 gold
                  | pieces
 85223 | Snake:1  | Bought Resyqeics's Directory of Moving Incandescence for
                  | 672 gold pieces
 85232 | Snake:1  | Learned a level 8 spell: Ignition
 85416 | Abyss:1  | Cast into level 1 of the Abyss (kobold brigand)
 85523 | D:11     | Escaped the Abyss
 85533 | D:11     | Killed AeshMezareph's ghost
 87489 | Vaults:3 | Reached skill level 10 in Armour
 88521 | Vaults:3 | Gained mutation: Armour fits poorly on your strangely
                  | shaped body. [mutagenic glow]
 88549 | Vaults:3 | Gained mutation: You are clumsy. (Dex -2) [mutagenic glow]
 88565 | Vaults:3 | Gained mutation: You are weak. (Str -2) [mutagenic glow]
 88566 | Vaults:3 | Lost mutation: You are clumsy. (Dex -2) [potion of
                  | mutation]
 88566 | Vaults:3 | Lost mutation: You are weak. (Str -2) [potion of mutation]
 88566 | Vaults:3 | Lost mutation: Armour fits poorly on your strangely shaped
                  | body. [potion of mutation]
 88566 | Vaults:3 | Gained mutation: You do not regenerate when monsters are
                  | visible. [potion of mutation]
 88566 | Vaults:3 | Gained mutation: You passively dampen the noise of your
                  | surroundings. [potion of mutation]
 88566 | Vaults:3 | Gained mutation: Your movements are slightly less
                  | encumbered by armour. (ER -2) [potion of mutation]
 88623 | Vaults:3 | Found a staircase to the Crypt.
 88623 | Vaults:3 | Found a basalt altar of Yredelemnul.
 88624 | Vaults:3 | Found an ancient bone altar of Kikubaaqudgha.
 88630 | Vaults:3 | Lost mutation: Your movements are slightly less encumbered
                  | by armour. (ER -2) [potion of mutation]
 88630 | Vaults:3 | Lost mutation: You passively dampen the noise of your
                  | surroundings. [potion of mutation]
 88630 | Vaults:3 | Lost mutation: You do not regenerate when monsters are
                  | visible. [potion of mutation]
 88630 | Vaults:3 | Gained mutation: You occasionally lose the ability to read
                  | scrolls when taking damage. [potion of mutation]
 88630 | Vaults:3 | Gained mutation: You are agile. (Dex +4, Str/Int -1)
                  | [potion of mutation]
 88630 | Vaults:3 | Gained mutation: Your spells are a little harder to cast,
                  | but a little more powerful. [potion of mutation]
 88663 | Vaults:3 | Reached XP level 21. HP: 38/127 MP: 27/41
 88674 | Vaults:3 | Lost mutation: You occasionally lose the ability to read
                  | scrolls when taking damage. [potion of mutation]
 88674 | Vaults:3 | Lost mutation: You are agile. (Dex +4, Str/Int -1) [potion
                  | of mutation]
 88674 | Vaults:3 | Gained mutation: Your system is resistant to poisons.
                  | (rPois) [potion of mutation]
 88674 | Vaults:3 | Gained mutation: Your muscles are strong. (Str +4, Int/Dex
                  | -1) [potion of mutation]
 88674 | Vaults:3 | Gained mutation: Your body sometimes deteriorates upon
                  | taking damage. [potion of mutation]
 88674 | Vaults:3 | Gained mutation: You are agile. (Dex +4, Str/Int -1)
                  | [potion of mutation]
 88675 | Vaults:3 | Lost mutation: Your body sometimes deteriorates upon taking
                  | damage. [potion of mutation]
 88675 | Vaults:3 | Lost mutation: Your system is resistant to poisons. (rPois)
                  | [potion of mutation]
 88675 | Vaults:3 | Gained mutation: Your body sometimes deteriorates upon
                  | taking damage. [potion of mutation]
 88675 | Vaults:3 | Lost mutation: Your spells are a little harder to cast, but
                  | a little more powerful. [potion of mutation]
 90225 | Vaults:4 | Noticed Saint Roka
 90225 | Vaults:4 | Noticed Zenata
 90242 | Vaults:4 | Killed Saint Roka
 91992 | Vaults:4 | Noticed Norris
 92642 | Vaults:4 | Killed Zenata
 92767 | Vaults:4 | Identified the +1 pair of boots of Autotheism {rElec Int+2}
 92867 | Vaults:4 | Killed Norris
 93427 | Vaults:4 | Found a runed translucent door.
 93436 | Vaults:4 | Noticed Jory
 93454 | Vaults:4 | Killed Jory
 95679 | Swamp:2  | Found a runed translucent door.
 96022 | Swamp:2  | Learned a level 5 spell: Fireball
 96044 | Swamp:2  | Reached XP level 22. HP: 132/132 MP: 23/42
 97296 | Swamp:2  | Learned a level 1 spell: Apportation
 97296 | Swamp:2  | Identified the +6 arbalest of Ru, Riding {penet, rPois
                  | rN+++ Str-2}
 97450 | Swamp:2  | Identified the +8 great mace "Oschyur" {distort, rElec
                  | Will- Int+3 Stlth+}
 98063 | Swamp:3  | Found a transporter.
 98640 | Swamp:3  | Found a transporter.
 98641 | Swamp:3  | Identified the +1 morningstar of the Wraith {protect, Str+4
                  | Int-4}
 98641 | Swamp:3  | Identified the ring of Pride {rElec rC++ Str-4 SInv Stlth+}
 99530 | Elf:2    | Bought the ring of Music {rPois rF+} for 544 gold pieces
100130 | Swamp:4  | Entered Level 4 of the Swamp
102558 | Swamp:4  | Got a decaying rune of Zot
103999 | Depths:1 | Entered Level 1 of the Depths
105647 | Depths:1 | Found a runed translucent gate.
105647 | Depths:1 | Found a runed translucent gate.
105649 | Depths:1 | Found a runed translucent gate.
106703 | Depths:1 | Found a gateway to Hell.
106901 | Depths:1 | Upgraded the game from 0.32-a0-837-g8d3e27d251 to
                  | 0.32-a0-842-gbbb8fdbe59
107081 | Depths:2 | Noticed the Enchantress
107085 | Depths:2 | Killed the Enchantress
108132 | Depths:2 | Noticed a juggernaut
108154 | Depths:2 | Reached XP level 23. HP: 134/139 MP: 5/43
108856 | Depths:2 | Identified the +5 trident of Propriety {flame, rElec rF-
                  | Str+4}
110546 | Depths:2 | Identified the ring of Dim Light {Ice Str+2 Int+2 Dex+3}
111159 | Depths:2 | Killed a juggernaut
111452 | Depths:2 | Found a one-way gate leading to the halls of Pandemonium.
112854 | Depths:3 | Found the +8 Wrath of Trog {antimagic, *Rage Rampage}
113395 | Depths:3 | Identified the ring of Viohyhof {rElec rN+ MP+9}
115477 | Depths:4 | Entered Level 4 of the Depths
115673 | Depths:4 | Gained mutation: You occasionally lose the ability to read
                  | scrolls when taking damage. [mutagenic glow]
115958 | Depths:4 | Found a one-way gateway to a ziggurat.
116762 | Depths:4 | Found Doisuul's General Store.
116763 | Depths:4 | Found Xueptul's Specific Store.
116774 | Depths:4 | Bought a wand of digging (4) for 336 gold pieces
116778 | Depths:4 | Bought a potion of enlightenment for 110 gold pieces
116833 | Depths:4 | Found a hazy altar of Hepliaklqana.
117631 | Depths:4 | Reached XP level 24. HP: 148/148 MP: 44/44
117689 | Depths:4 | Noticed a caustic shrike
117689 | Depths:4 | Noticed a caustic shrike
117690 | Depths:4 | Noticed a caustic shrike
118065 | Depths:4 | Noticed a caustic shrike
118065 | Depths:4 | Noticed a caustic shrike
118065 | Depths:4 | Noticed a caustic shrike
118065 | Depths:4 | Noticed a caustic shrike
118078 | Depths:3 | Killed a caustic shrike
118078 | Depths:3 | Killed a caustic shrike
118586 | Depths:4 | Found a gate to the Realm of Zot.
118894 | Depths:4 | Killed a caustic shrike
118994 | Depths:4 | Killed a caustic shrike
120591 | Lair:4   | Killed Oria's ghost
120920 | Snake:4  | Identified the +1 cloak of Birghauts {rF+ Regen+ rCorr}
120934 | Snake:4  | Identified the +0 helmet "Dymuefidd" {Int+3 Dex+6}
121199 | Snake:4  | Killed Zigma's ghost
121785 | Orc:2    | Killed Fastnbulbous's ghost
122933 | Slime:1  | Entered Level 1 of the Pits of Slime
124245 | Slime:2  | Reached skill level 15 in Fighting
124693 | Slime:2  | You are sucked into a shaft and drop 2 floors!
124766 | Slime:3  | Gained mutation: Your magical capacity is low. (-10% MP) [a
                  | shining eye]
125007 | Slime:3  | Lost mutation: You are agile. (Dex +4, Str/Int -1) [potion
                  | of mutation]
125007 | Slime:3  | Lost mutation: Your body sometimes deteriorates upon taking
                  | damage. [potion of mutation]
125007 | Slime:3  | Gained mutation: You sometimes lose your temper in combat.
                  | [potion of mutation]
125007 | Slime:3  | Gained mutation: Your mind is acute. (Int +4, Str/Dex -1)
                  | [potion of mutation]
125008 | Slime:3  | Lost mutation: You occasionally lose the ability to read
                  | scrolls when taking damage. [potion of mutation]
125008 | Slime:3  | Lost mutation: Your muscles are strong. (Str +4, Int/Dex
                  | -1) [potion of mutation]
125008 | Slime:3  | Gained mutation: You are clumsy. (Dex -2) [potion of
                  | mutation]
125008 | Slime:3  | Gained mutation: Your body sometimes deteriorates upon
                  | taking damage. [potion of mutation]
125008 | Slime:3  | Gained mutation: Your flesh is heat resistant. (rF+)
                  | [potion of mutation]
125802 | Slime:4  | Found a viscous altar of Jiyva.
126344 | Slime:5  | Entered Level 5 of the Pits of Slime
126591 | Slime:5  | Gained mutation: You are frail. (-10% HP) [a shining eye]
126604 | Slime:5  | Noticed the Royal Jelly
126833 | Slime:4  | Lost mutation: Your body sometimes deteriorates upon taking
                  | damage. [potion of mutation]
126833 | Slime:4  | Lost mutation: You are clumsy. (Dex -2) [potion of
                  | mutation]
126833 | Slime:4  | Lost mutation: You sometimes lose your temper in combat.
                  | [potion of mutation]
126833 | Slime:4  | Gained mutation: Your system is resistant to poisons.
                  | (rPois) [potion of mutation]
126833 | Slime:4  | Gained mutation: You are agile. (Dex +4, Str/Int -1)
                  | [potion of mutation]
126834 | Slime:4  | Lost mutation: You are agile. (Dex +4, Str/Int -1) [potion
                  | of mutation]
126834 | Slime:4  | Lost mutation: You are frail. (-10% HP) [potion of
                  | mutation]
126834 | Slime:4  | Lost mutation: Your mind is acute. (Int +4, Str/Dex -1)
                  | [potion of mutation]
127171 | Slime:5  | Killed the Royal Jelly
127468 | Slime:5  | Reached XP level 25. HP: 139/157 MP: 40/40
127653 | Slime:5  | Identified the +2 cloak of Qymetoq {Dex+5}
127655 | Slime:5  | Got a slimy rune of Zot
127658 | Slime:5  | Identified the ring "Dekkaabo" {*Slow rElec MP+9 Str+6
                  | Stlth+}
127661 | Slime:5  | Identified the ring of the Wereyak {rF+ rC++ Will- Str+3
                  | Int+3}
127675 | Slime:5  | Acquired 1001 gold pieces
127736 | Slime:5  | Identified the +7 sling of Casothrug {freeze, Will+}
127802 | Slime:5  | Identified the staff of Uncertain Death {rElec rC+ Earth}
127811 | Slime:5  | Identified the ring "Moivea Jici" {AC+4 Str+3 Stlth+}
127812 | Slime:5  | Identified the +1 plate armour of Komuh {*Corrode rPois
                  | MP+9 Int+2}
128880 | Zot:1    | Entered Level 1 of the Realm of Zot
129140 | Zot:1    | Found a corrupted altar of Lugonu.
129201 | Zot:1    | Identified the +9 sling of Wisdom {heavy, Str+5}
129935 | Zot:1    | Gained mutation: You occasionally lose the ability to drink
                  | potions when taking damage. [mutagenic glow]
131032 | Zot:1    | Identified the +0 robe of the Sea {Str+2}
131593 | Zot:1    | Identified the +3 bardiche of the Blue God {speed, ^Drain
                  | *Slow Will+ MP+9 Dex+3}
131746 | Zot:1    | Identified the +0 leather armour of Bitterness {rN+ Str+2
                  | Dex-2}
131834 | Zot:1    | Gained mutation: You are clumsy. (Dex -2) [mutagenic glow]
132149 | Zot:2    | Noticed a juggernaut
132466 | Zot:1    | Gained mutation: You are dopey. (Int -2) [mutagenic glow]
132875 | Zot:1    | Lost mutation: Your flesh is heat resistant. (rF+) [potion
                  | of mutation]
132875 | Zot:1    | Lost mutation: Your system is resistant to poisons. (rPois)
                  | [potion of mutation]
132875 | Zot:1    | Gained mutation: Your spells are a little harder to cast,
                  | but a little more powerful. [potion of mutation]
132875 | Zot:1    | Gained mutation: Your body sometimes deteriorates upon
                  | taking damage. [potion of mutation]
132876 | Zot:1    | Lost mutation: Your body sometimes deteriorates upon taking
                  | damage. [potion of mutation]
132876 | Zot:1    | Lost mutation: You are dopey. (Int -2) [potion of mutation]
132876 | Zot:1    | Lost mutation: You occasionally lose the ability to drink
                  | potions when taking damage. [potion of mutation]
132876 | Zot:1    | Gained mutation: You have hidden genetic defects. [potion
                  | of mutation]
132876 | Zot:1    | Gained mutation: Your magical capacity is very low. (-20%
                  | MP) [potion of mutation]
133152 | Zot:2    | Killed a juggernaut
134931 | Zot:2    | Gained mutation: You occasionally shout uncontrollably at
                  | your foes. [hidden defects]
134947 | Zot:2    | Reached skill level 15 in Shields
135384 | Zot:2    | Lost mutation: You occasionally shout uncontrollably at
                  | your foes. [potion of mutation]
135384 | Zot:2    | Lost mutation: Your spells are a little harder to cast, but
                  | a little more powerful. [potion of mutation]
135384 | Zot:2    | Gained mutation: Your flesh is cold resistant. (rC+)
                  | [potion of mutation]
135384 | Zot:2    | Gained mutation: You have sharp fingernails. [potion of
                  | mutation]
135678 | Vaults:5 | Entered Level 5 of the Vaults
135759 | Vaults:5 | Reached XP level 26. HP: 167/170 MP: 19/35
136023 | Vaults:5 | Gained mutation: Your magical capacity is extremely low.
                  | (-30% MP) [hidden defects]
136023 | Vaults:5 | Lost mutation: You have hidden genetic defects. [hidden
                  | defects expressed]
136296 | Vaults:5 | Lost mutation: Your magical capacity is extremely low.
                  | (-30% MP) [potion of mutation]
136296 | Vaults:5 | Lost mutation: You are clumsy. (Dex -2) [potion of
                  | mutation]
136296 | Vaults:5 | Gained mutation: You are somewhat resistant to further
                  | mutation. [potion of mutation]
139049 | Vaults:5 | Noticed an ancient lich
139055 | Vaults:5 | Killed an ancient lich
139194 | Vaults:5 | Identified the staff "Coonimp" {rF+ rN+ rCorr Int-4 Fire
                  | Alchemy}
140465 | Vaults:5 | Identified the +0 leather armour of Pukk {rF- Will+++
                  | Regen+ MP+9}
140474 | Vaults:5 | Got a silver rune of Zot
140713 | Vaults:5 | Identified the +6 whip "Zokael" {vamp, rC+ Will+}
141302 | Zig:1    | Entered Level 1 of a ziggurat
143506 | Zot:4    | Reached skill level 10 in Dodging
144430 | Zot:4    | Paralysed by a jorogumo for 1 turns
144939 | Zot:4    | Reached XP level 27. HP: 166/179 MP: 14/37
146119 | Zot:5    | Entered Level 5 of the Realm of Zot
147283 | Zot:5    | Noticed a dread lich
147433 | Zot:5    | Noticed an orb of fire
147437 | Zot:5    | Killed a dread lich
147617 | Zot:5    | Noticed an orb of fire
147800 | Zot:5    | Killed an orb of fire
148117 | Zot:5    | Killed an orb of fire
148370 | Zot:4    | Learned a level 3 spell: Mephitic Cloud
148626 | Zot:5    | Noticed an orb of fire
148787 | Zot:5    | Killed an orb of fire
149535 | Zot:5    | Noticed an ancient lich
149570 | Zot:5    | Killed an ancient lich
149571 | Zot:5    | Noticed an ancient lich
149572 | Zot:5    | Noticed a dread lich
149845 | Zot:5    | Killed a dread lich
149852 | Zot:5    | Noticed a dread lich
149863 | Zot:5    | Killed a dread lich
150317 | Zot:5    | Reached skill level 15 in Dodging
150501 | Zot:5    | Noticed a dread lich
150505 | Zot:5    | Paralysed by a dread lich for 5 turns
150511 | Zot:5    | Killed a dread lich
150637 | Zot:5    | Noticed an ancient lich
151669 | Zot:5    | Killed an ancient lich
152049 | Zot:4    | Killed an ancient lich
152095 | Zot:5    | Bought a crude demon trident for 760 gold pieces
152095 | Zot:5    | Identified the +6 demon trident of the Puckish God {venom,
                  | Int+2 SInv Stlth-} (You bought it in a shop on level 5 of
                  | the Realm of Zot)
152095 | Zot:5    | Bought a scroll of blinking for 285 gold pieces
152153 | Zot:5    | Got the Orb of Zot
152423 | Depths:2 | Noticed Lakheth the pandemonium lord
152439 | Depths:2 | Gained mutation: You occasionally lose the ability to drink
                  | potions when taking damage. [a cacodemon]
152642 | D:11     | Noticed Jonacw the pandemonium lord
152766 | D:7      | Noticed Haasoof the pandemonium lord
152925 | D:$      | Escaped with the Orb!

Illustrated notes

Levels and vault maps discovered:
D:1:      matt_arrival_refuge, layout_basic, st_stairs_6,
          minmay_misc_feat_square
D:2:      layout_rooms, nicolae_ecumenical_oubliette, minmay_pentomino_v4
D:3:      layout_basic, jmf_multi_god_temple2, minmay_ogre_servants
D:4:      layout_loops_ring, minmay_temple_entry_junction, enter_ossuary_4,
          uniq_pargi, uniq_crazy_yiuf_cottage
D:5:      layout_layer_cave, zin_scriptorium, uniq_duvessa, uniq_eustachio
D:6:      layout_rooms, uniq_grinder
D:7:      layout_rooms, cheibrodos_worm_habitat, gammafunk_ghost_smash,
          minmay_misc_feat_five
D:8:      layout_basic, uniq_pikel
D:9:      layout_cave_pools, chequers_temple_overflow_minitemple
D:10:     layout_loops_ring, elyvilon_altar_4, enter_bailey_7,
          ebering_ghost_inner_flame
D:11:     layout_roguey, portal_ice_cave_entry_pillars_1,
          gammafunk_ghost_nasty_kobolds, uniq_maurice, uniq_erica
D:12:     layout_cross, david_orc_4
D:13:     layout_roguey, hellmonk_vaults_attempted_burglary, uniq_snorg,
          uniq_kirke, uniq_rupert
D:14:     layout_roguey, lemuel_doored_altar
D:15:     grunt_enter_depths_giant_problem, layout_rooms, serial_park_square2,
          enter_trove_5, chequers_serial_rivers_large_b,
          minmay_statue_crystal_thing
Temple:   hellmonk_temple_two_chambers
Lair:1:   layout_hall_layers, kennysheep_rathole, grunt_megastairs_2,
          infiniplex_staircase_pool_2
Lair:2:   layout_hall_layers, basic_altar, grunt_megastairs_1
Lair:3:   nzn_winding_woodlands_three_and_one [nzn_winding_woodlands_5x15_cabin,
          nzn_winding_woodlands_5x15_sawtooth,
          nzn_winding_woodlands_5x15_jagged,
          nzn_winding_woodlands_center_diamonds], layout_concentric_octagons,
          minmay_swamp_entry_reptiles, nicolae_snake_entry_warm_welcome,
          kennysheep_abandoned_house
Lair:4:   gammafunk_lair_enchanted_lake, layout_regular_city,
          gammafunk_ghost_wrathful_warriors, pdpol_lair_neglected_garden,
          roderic_carrion_pond
Lair:5:   hellmonk_lair_end_abyssal_woods, layout_gridlike, slime_entry_1,
          serial_bayou_crossing, lemuel_fruit_tree, serial_bayou_shore_b,
          serial_bayou_shore_a
Swamp:1:  layout_basic_swamp, evilmike_swamp_ruin_house_3,
          infiniplex_staircase_pool
Swamp:2:  gammafunk_mikee_crab_dinner, layout_basic_swamp, serial_swamp_ruin,
          evilmike_swamp_ruin_rubble_1, evilmike_swamp_ruin_wall,
          evilmike_swamp_ruin_house_4
Swamp:3:  gammafunk_sealed_arena, layout_basic_swamp,
          evilmike_swamp_ruin_rubble_2, swamp_pool_4
Swamp:4:  swamp, layout_basic_swamp
Snake:1:  layout_onion_interference, basic_altar, nicolae_shop_dragon_depot,
          nicolae_snake_storage_room, minmay_shop_star
Snake:2:  cheibrodos_snake_lava_hold, layout_rooms,
          nicolae_shop_sticking_my_neck_out
Snake:3:  layout_basic, serial_shops, nicolae_shop_real_fake_doors, shop,
          nicolae_shop_getting_attention, nicolae_stop_n_shop_2, shop,
          minmay_shop_grove
Snake:4:  minmay_snake_end_coiled, layout_cave_town,
          gammafunk_ghost_berserking_beasts,
          serial_library_hellmonk_open_square, nicolae_fountain_basement,
          serial_bayou_shore_b
Slime:1:  layout_caves
Slime:2:  layout_caves
Slime:3:  layout_caves
Slime:4:  layout_caves, basic_altar
Slime:5:  slime_pit_nicolae_amoeboid
Orc:1:    layout_caves, serial_shops, shop, shop, nicolae_shop_behind_doors,
          shop, basic_altar, lightli_orcish_oven
Orc:2:    grunt_orc_tribal_feast, layout_caves, gammafunk_ghost_fury_of_okawaru,
          einodemon_barbed_minivault
Elf:1:    eino_elf_arrival_customs, layout_gridlike, hangedman_elf_represent,
          hangedman_elven_pyramids
Elf:2:    elven_hall_of_blades_hangedman_original
          [nicolae_blade_entry_floor_patterns], layout_gridlike, serial_shops,
          nicolae_shop_bloodbath_and_beyond, basic_altar, minivault_16,
          dk_noncrumbling_4, drop_trap, nicolae_shop_unique_rings,
          lemuel_upstairs_altar, uniq_donald
Elf:3:    minmay_elf_hall_x, layout_geoelf_castle, uniq_louise
Vaults:1: portal_desolation_entry_nicolae_slug, v_misc_19,
          ontoclasm_vaults_ligature, v_misc_3, grunt_vaults_funnel,
          nicolae_vaults_windows_and_doors_thing, nicolae_vaults_diamond_1,
          ontoclasm_vaults_fault, nicolae_vaults_turnstiles,
          nicolae_vaults_theta, hangedman_vaults_unwind,
          hangedman_vaults_corner, nicolae_vaults_enemy_cabinets,
          nicolae_vaults_trapezoid_1, layout_vaults_omnicross
Vaults:2: nicolae_vaults_door_testing_chamber, nicolae_vaults_apartment_2,
          nicolae_vaults_closet_pinwheel_4, nicolae_vaults_loss_of_containment,
          grunt_vaults_trifunnel, nicolae_vaults_octothorpe,
          nicolae_vaults_little_squares_1, grunt_vaults_swirl,
          nicolae_vaults_closet_pinwheel_3, nicolae_vaults_closet_pinwheel_4,
          v_misc_23, layout_vaults_ring
Vaults:3: minmay_crypt_entry_necro_gods, vaults_mumra_hexcomb,
          nicolae_vaults_frosty_reception, nicolae_vaults_storage_closets_2,
          nicolae_vaults_sesquioval_fish, nicolae_vaults_specimen_jars,
          nicolae_vaults_network_s, nicolae_vaults_shipping_containers_7,
          nicolae_vaults_wrenched, layout_vaults_omnigrid
Vaults:4: nicolae_vaults_oozy_zoo, nicolae_vaults_little_squares_6,
          nicolae_vaults_arrows, v_misc_1, hangedman_vaults_hat, v_misc_23,
          hangedman_vaults_corner_blocks, ontoclasm_vaults_hangar,
          ontoclasm_vaults_decontamination, nicolae_vaults_tetromino_T_1,
          nicolae_vaults_trapezoid_4, nicolae_vaults_storage_closets_1,
          layout_vaults_omnibox, serial_glass, uniq_norris, uniq_saint_roka,
          uniq_jory, uniq_zenata
Vaults:5
Depths:1: layout_small_grid, abyss_entry, hangedman_abyss_or_decor_stagger,
          pf_hell_entry_tar_spiral, st_stairs_14, pandoras_box_mu
Depths:2: minmay_the_grid_square_5x5_4x4_mashed
          [minmay_the_grid_square_5x5_two_small,
          minmay_the_grid_square_5x5_minimal, minmay_the_grid_square_5x5_three,
          minmay_the_grid_square_5x5_inverted_slash,
          minmay_the_grid_square_5x5_six,
          minmay_the_grid_square_5x5_prize_deathbox,
          minmay_the_grid_square_5x5_prize_pseudospiral,
          minmay_the_grid_square_5x5_forky,
          minmay_the_grid_square_5x5_fancy_junction,
          minmay_the_grid_square_5x5_prize_junk,
          minmay_the_grid_square_5x5_prize_snowflake,
          minmay_the_grid_square_5x5_corner,
          minmay_the_grid_square_5x5_minivault, minmay_the_grid_square_5x5_meh,
          minmay_the_grid_square_5x5_dogpile,
          minmay_the_grid_square_5x5_checkered_statues], layout_basic,
          pan_entry, minmay_misc_feat_doors, hell_entry, uniq_enchantress
Depths:3: minmay_ambush_box, layout_cave_shapes, hell_entry,
          regret_index_abyss_entry_already_here, hangedman_stitches_earthworm
Depths:4: grunt_zot_entry_funnels, layout_gridlike, enter_ziggurat_a,
          nicolae_hepliaklqana_hippocampus, pf_coc_iceberg,
          grunt_pan_entry_spiral, nicolae_specific_store, hangedman_decor_push,
          hangedman_abyss_or_decor_clamps
Zot:1:    layout_gridlike, regret_index_zotdec_dark_gr,
          amcnicky_altar_lugonu_corruption
Zot:2:    ebering_greatest_show_in_zot, layout_basic
Zot:3:    layout_basic
Zot:4:    layout_gridlike
Zot:5:    layout_misc_corridors

Skill      XL: |  1  2  3  4  5  6  7  8  9 10 11 12 13 14 15 16 17 18 19 20 21 22 23 24 25 26 27 |
---------------+----------------------------------------------------------------------------------+-----
Conjurations   | 6 7 8 9 10 11 15 17 18 19 21 22 24 26 | 26.0
Spellcasting   | 3 4 5 6 7 8 9 12 14 15 16 18 20 | 20.0
Alchemy        | 1 3 5 8 10 | 10.0
Translocations | 1 3 5 7 |  7.4
Fighting       | 5 10 11 12 14 16 18 20 | 20.0
Evocations     | 5 |  5.0
Dodging        | 5 10 15 | 15.6
Shields        | 5 8 10 12 15 | 15.5
Fire Magic     | 7 14 18 20 24 26 | 26.0
Armour         | 5 10 | 10.0
Stealth        | |  2.0

Action                     |  1- 3 |  4- 6 |  7- 9 | 10-12 | 13-15 | 16-18 | 19-21 | 22-24 | 25-27 || total
---------------------------+-------+-------+-------+-------+-------+-------+-------+-------+-------++-------
  Melee: Unarmed           |     4 |       |       |       |       |       |       |       |       ||     4
         Dagger            |     1 |     8 |     3 |       |       |       |       |       |       ||    12
         Peck              |     1 |     3 |       |     8 |    38 |    22 |    21 |    37 |    19 ||   149
         Kick              |       |     2 |       |    19 |    61 |    25 |    42 |    56 |    37 ||   242
         Hand axe          |       |       |     1 |    31 |   141 |       |    54 |    68 |       ||   295
         Falchion          |       |       |       |       |     4 |    64 |    30 |    25 |       ||   123
         Broad axe         |       |       |       |       |       |       |       |       |    47 ||    47
         Lance             |       |       |       |       |       |       |       |       |    27 ||    27
  Throw: Throwing net      |       |       |       |     1 |       |       |       |       |       ||     1
         Dart              |       |       |       |     1 |     5 |       |       |       |       ||     6
   Cast: Magic Dart        |    67 |   100 |   179 |   176 |   203 |     2 |       |       |       ||   727
         Searing Ray       |       |     5 |    25 |    11 |    15 |     1 |       |       |       ||    57
         Fulminant Prism   |       |       |    12 |    99 |   195 |    52 |    27 |     2 |     1 ||   388
         Iskenderun's Myst |       |       |     9 |    82 |   154 |    63 |    82 |   111 |    70 ||   571
         Stone Arrow       |       |       |       |       |   299 |   649 |   465 |   397 |    12 ||  1822
         Alistair's Intoxi |       |       |       |       |     2 |     3 |       |       |       ||     5
         Orb of Destructio |       |       |       |       |     3 |    70 |   163 |   279 |   524 ||  1039
         Starburst         |       |       |       |       |       |    20 |    78 |    15 |    45 ||   158
         Irradiate         |       |       |       |       |       |       |    10 |    15 |    41 ||    66
         Blink             |       |       |       |       |       |       |     1 |     3 |       ||     4
         Ignition          |       |       |       |       |       |       |    22 |   160 |   102 ||   284
         Fireball          |       |       |       |       |       |       |       |    32 |     4 ||    36
         Apportation       |       |       |       |       |       |       |       |     1 |       ||     1
         Mephitic Cloud    |       |       |       |       |       |       |       |       |     1 ||     1
 Invoke: Potion Petition   |       |       |       |       |     2 |     1 |     5 |     7 |     6 ||    21
         Call Merchant     |       |       |       |       |       |       |     3 |       |     3 ||     6
         Bribe Branch      |       |       |       |       |       |       |       |       |     1 ||     1
  Evoke: Wand              |       |       |     2 |     5 |     8 |     2 |     4 |    14 |     2 ||    37
         Box of beasts     |       |       |       |       |     2 |       |     2 |     3 |       ||     7
         Phantom mirror    |       |       |       |       |       |       |       |     2 |       ||     2
         Lightning rod     |       |       |       |       |       |       |       |       |     3 ||     3
    Use: Scroll            |       |     4 |       |     8 |    15 |    19 |    13 |    12 |    14 ||    85
         Potion            |       |       |       |     3 |     2 |       |    14 |    13 |    22 ||    54
   Stab: Held in net/web   |       |       |       |     1 |       |       |       |       |       ||     1
         Distracted        |       |       |       |       |     3 |       |     2 |       |       ||     5
         Invisible         |       |       |       |       |       |       |     1 |       |       ||     1
         Sleeping          |       |       |       |       |       |       |     1 |       |       ||     1
 Armour: Leather armour    |     6 |     9 |    43 |    86 |   134 |   193 |    83 |       |       ||   554
         Robe              |       |       |       |       |   117 |    53 |       |       |       ||   170
         Skin              |       |       |       |       |       |       |     2 |       |    16 ||    18
         Steam dragon scal |       |       |       |       |       |       |    91 |   260 |       ||   351
         Scale mail        |       |       |       |       |       |       |       |   136 |   357 ||   493
  Dodge: Dodged            |    10 |    34 |   102 |   135 |   373 |   208 |   164 |   214 |   195 ||  1435
  Block: Other             |       |       |     6 |    31 |    76 |       |       |       |       ||   113
         Reflection        |       |       |     1 |     3 |    14 |    74 |   100 |    41 |    29 ||   262
         Kite shield       |       |       |       |       |    87 |   300 |   123 |       |       ||   510
         Tower shield      |       |       |       |       |       |       |   366 |   559 |   403 ||  1328

Table legend: (Time is in decaauts)
 A = Elapsed time spent in this place.
 B = Non-inter-level travel time spent in this place.
 C = Inter-level travel time spent in this place.
 D = Time resting spent in this place.
 E = Time spent auto-exploring this place.
 F = Levels seen in this place.
 G = Mean time per level.
                   A        B        C        D        E       F      G
               +--------+--------+--------+--------+--------+-----+--------+
         Total | 153326 | 139182 |  14144 |  72251 |  38776 |  56 | 2738.0 |
       Dungeon |  34572 |  29440 |   5132 |  13859 |  11328 |  15 | 2304.8 |
        Temple |     12 |      7 |      5 |      0 |      0 |   1 |   12.0 |
          Lair |  22458 |  19464 |   2994 |  11719 |   4172 |   5 | 4491.6 |
         Swamp |   7397 |   7054 |    343 |   3382 |   2048 |   4 | 1849.2 |
     Snake Pit |  11040 |  10132 |    908 |   4880 |   2547 |   4 | 2760.0 |
    Slime Pits |   5471 |   5244 |    227 |   2313 |   1761 |   5 | 1094.2 |
  Orcish Mines |   5699 |   4501 |   1198 |   1897 |   1511 |   2 | 2849.5 |
   Elven Halls |  11740 |  10863 |    877 |   6368 |   2245 |   3 | 3913.3 |
        Vaults |  21475 |  20595 |    880 |   9416 |   6994 |   5 | 4295.0 |
        Depths |  16744 |  15918 |    826 |   9823 |   2904 |   4 | 4186.0 |
           Zot |  16540 |  15791 |    749 |   8542 |   3266 |   5 | 3308.0 |
         Abyss |    106 |    106 |      0 |     50 |      0 |   1 |  106.0 |
      Ziggurat |     22 |     22 |      0 |      0 |      0 |   1 |   22.0 |
         Trove |     44 |     44 |      0 |      0 |      0 |   1 |   44.0 |
               +--------+--------+--------+--------+--------+-----+--------+

Top non-repeatable levels by time:
  Lair:3: 7692 daAuts
Vaults:1: 5642 daAuts
Depths:2: 5378 daAuts
Vaults:5: 5252 daAuts
Depths:4: 5092 daAuts
   Elf:3: 5061 daAuts
  Lair:5: 4918 daAuts
    D:15: 4564 daAuts
   Zot:4: 4268 daAuts
  Lair:4: 4168 daAuts
 Snake:4: 4068 daAuts
   Zot:5: 4055 daAuts
   Orc:2: 4045 daAuts
Vaults:4: 4044 daAuts
Vaults:3: 3730 daAuts
